 Dungeon Crawl Stone Soup version 0.29.1-2-gbd0b4ee654 (webtiles) character file.

Game seed: 4386710540616988015

182 KittyFluff the Cudgeller (level 5, -3/63 HPs)
             Began as a Demonspawn Berserker on Nov 30, 2022.
             Was a Believer of Trog.
             Slain by a gnoll
             ... wielding a +0 spear
              (9 damage)
             ... on level 3 of the Dungeon.
             The game lasted 00:10:43 (2309 turns).

KittyFluff the Cudgeller (Demonspawn Berserker)     Turns: 2309, Time: 00:10:43

Health: -3/63      AC:  5    Str: 19    XL:     5   Next: 34%
Magic:  5/5        EV: 16    Int:  8    God:    Trog [**....]
Gold:   218        SH:  5    Dex: 13    Spells: 4/4 levels left

rFire   . . .      SeeInvis .   e - +4 whip
rCold   . . .      Faith    .   (no shield)
rNeg    . . .      Spirit   .   b - +0 animal skin
rPois   .          Reflect  +   (no helmet)
rElec   .          Harm     .   (no cloak)
rCorr   .          Rampage  .   p - +0 pair of gloves
Will    .....                   (no boots)
Stlth   ..........              s - amulet of reflection
HPRegen 0.20/turn               l - +4 ring of evasion
MPRegen 0.18/turn               (no ring)

@: berserking, very quick
A: slimy green scales 1, magic regeneration
a: Renounce Religion, Berserk, Trog's Hand


You were on level 3 of the Dungeon.
You worshipped Trog.
Trog was pleased with you.
You visited 1 branch of the dungeon, and saw 3 of its levels.

You collected 218 gold pieces.

Inventory:

Hand Weapons
 a - a +0 mace
 e - a +4 whip (weapon)
Missiles
 k - 8 stones (quivered)
 n - 5 boomerangs
 q - 4 javelins
 r - 2 poisoned darts
Armour
 b - a +0 animal skin (worn)
 p - a +0 pair of gloves (worn)
Magical Staves
 m - a staff of air
Jewellery
 l - a +4 ring of evasion (left hand)
 s - an amulet of reflection (around neck)
Wands
 o - a wand of mindburst (20)
Scrolls
 d - a scroll of torment {unknown}
 h - a scroll of fear {unknown}
Potions
 c - a potion of flight {unknown}
 f - 3 potions of might {unknown}
 g - a potion of invisibility {unknown}
 i - 4 potions of curing {unknown}
 j - a potion of heal wounds {unknown}
 t - 2 potions of lignification {unknown}


   Skills:
 + Level 3.7 Fighting
 + Level 4.0 Maces & Flails
 * Level 1.2 Throwing
 * Level 2.5 Armour
 + Level 2.3 Dodging
 + Level 0.8 Stealth


You had 4 spell levels left.
You didn't know any spells.
Your spell library was empty.

Dungeon Overview and Level Annotations

Branches:
Dungeon (3/15)

Altars:
Xom

Shops:
D:1 ?


Innate Abilities, Weirdness & Mutations

You are partially covered in slimy green scales. (AC +2)
You regenerate magic rapidly.


Message History

The gnoll shouts!
The gnoll hits you with a +0 club.
You hit the gnoll.
The gnoll is heavily wounded.
The gnoll closely misses you. x2
You barely miss the gnoll.
The gnoll is heavily wounded.
The gnoll hits you from afar with a +0 spear.
You block the gnoll's attack.
A gnoll comes into view. It is wielding a +0 vorpal spear.
You barely miss the gnoll.
The gnoll is heavily wounded.
You block the gnoll's attack. The gnoll hits you with a +0 club.
The gnoll shouts!
You hit the gnoll.
The gnoll is severely wounded.
The gnoll barely misses you.
The gnoll hits you from afar with a +0 spear!
You closely miss the gnoll.
The gnoll is severely wounded.
The gnoll hits you from afar with a +0 spear.
The gnoll closely misses you. The gnoll misses you.
You hit the gnoll.
The gnoll is almost dead.
The gnoll misses you. x2; The gnoll hits you with a +0 club.
* * * LOW HITPOINT WARNING * * *
A red film seems to cover your vision as you go berserk!
You feel yourself moving faster!
You feel mighty! The gnoll closely misses you.
The gnoll hits you with a +0 club.
* * * LOW HITPOINT WARNING * * *
The gnoll hits you from afar with a +0 vorpal spear.
* * * LOW HITPOINT WARNING * * *
x2 You whack the gnoll!
You kill the gnoll!
Trog accepts your kill.
Your Maces & Flails skill increases to level 4!
The gnoll closely misses you. The gnoll barely misses you.
You see here a +0 club.
You closely miss the gnoll. The gnoll hits you with a +0 spear!
You die...

.. ##.## ##...##
##+# #.....#
#...########.....##
.....#.. ..........
.......# ##...gg#
.......####...##@#
.......'.......#.#
......†###.......#
.......# #.#..####
.....#.# #.#..#
#...##.###.#..####
##+# #............
# #####.####### #.#
#.#


You could see 2 gnolls.

Vanquished Creatures
  An orc priest (D:3)
  2 gnolls
  6 adders (D:2)
  A worm (D:2)
  2 dart slugs
  5 orcs (D:3)
  6 ball pythons
  5 endoplasms
  3 giant cockroaches (D:2)
  2 hobgoblins
  8 jackals (D:1)
  6 kobolds
  5 quokkas
  6 bats
  2 goblins (D:2)
  6 rats
66 creatures vanquished.

Vanquished Creatures (others)
  A fungus (D:3)
1 creature vanquished.

Grand Total: 67 creatures vanquished

Notes
Turn   | Place    | Note
-------+----------+-------------------------------------------
     0 | D:1      | KittyFluff the Demonspawn Berserker began the quest for the
                  | Orb.
     0 | D:1      | Reached XP level 1. HP: 18/18 MP: 1/1
   101 | D:1      | Gained mutation: You are partially covered in slimy green
                  | scales. (AC +2) [demonic ancestry]
   101 | D:1      | Reached XP level 2. HP: 12/24 MP: 2/2
   332 | D:1      | Reached skill level 3 in Maces & Flails
   511 | D:1      | Found Fidi's Magic Scroll Shop.
   624 | D:1      | Reached XP level 3. HP: 25/29 MP: 3/3
   758 | D:1      | Found a faded altar of an unknown god.
   836 | D:2      | Reached ** piety under Trog
  1275 | D:2      | Reached XP level 4. HP: 35/36 MP: 4/4
  1574 | D:2      | Reached skill level 1 in Throwing
  1927 | D:3      | Gained mutation: You regenerate magic rapidly. [demonic
                  | ancestry]
  1927 | D:3      | Reached XP level 5. HP: 24/42 MP: 5/5
  2191 | D:3      | Found a shimmering altar of Xom.
  2308 | D:3      | Reached skill level 4 in Maces & Flails
  2309 | D:3      | Slain by a gnoll

Illustrated notes

Levels and vault maps discovered:
D:1:      minmay_arrival_wavy_path, layout_rooms, serial_shops,
          nicolae_square_shop, ebering_ecumenical_altar_hall,
          minmay_misc_feat_square, minmay_misc_feat_doors
D:2:      minmay_recursive_quarters, layout_basic
D:3:      layout_loops_corners, mainiacjoe_overflow_tiny_flanked,
          nicolae_overflow_ecumenical_swirl

Skill      XL: |  1  2  3  4  5 |
---------------+----------------+-----
Maces & Flails | 3 4 |  4.0
Armour         | 2 |  2.5
Dodging        | 2 |  2.3
Throwing       | 1 |  1.2
Fighting       | |  3.7
Stealth        | |  0.8

Action                   |  1- 3 |  4- 6 || total
-------------------------+-------+-------++-------
Melee: Mace              |    34 |       ||    34
       Whip              |    69 |    82 ||   151
       Punch             |       |     1 ||     1
Throw: Stone             |     2 |     3 ||     5
Invok: Berserk           |       |     1 ||     1
Armor: Animal skin       |    18 |     8 ||    26
Dodge: Dodged            |    71 |    67 ||   138
Block: Other             |       |     3 ||     3
